 Dungeon Crawl Stone Soup version 0.30.2 (webtiles) character file.

Game seed: 16843395935066584337

100 porpoise the Shooter (level 5, -1/39 HPs)
             Began as a Human Hexslinger on Jan 22, 2024.
             Slain by an iguana (10 damage)
             ... on level 4 of the Dungeon.
             The game lasted 00:05:09 (3206 turns).

porpoise the Shooter (Human Hexslinger)             Turns: 3206, Time: 00:05:09

Health: -1/39      AC:  3    Str: 11    XL:     5   Next: 3%
Magic:  6/6        EV: 12    Int: 13    God:
Gold:   189        SH:  0    Dex: 15    Spells: 5/6 levels left

rFire   . . .        a - +1 sling
rCold   . . .        (no shield)
rNeg    . . .        j - +0 leather armour
rPois   .            (no helmet)
rElec   .            (no cloak)
rCorr   .            (no gloves)
SInv    +            (no boots)
Will    .....        (no amulet)
Stlth   +            l - ring of see invisible
HPRegen 0.26/turn    (no ring)
MPRegen 0.10/turn

%: no passive effects
@: no status effects
A: no striking features
a: no special abilities


You were on level 4 of the Dungeon.
You visited 1 branch of the dungeon, and saw 4 of its levels.

You collected 189 gold pieces.

Inventory:

Hand Weapons
 a - a +1 sling (weapon)
 f - a +0 dagger
Missiles
 h - a throwing net
Armour
 j - a +0 leather armour (worn)
 r - a +0 buckler
Jewellery
 l - a ring of see invisible (left hand)
 p - a +6 ring of intelligence
Scrolls
 b - a scroll of poison
 c - a scroll of teleportation
 g - a scroll of immolation {unknown}
 i - a scroll of blinking {unknown}
 q - a scroll of noise {unknown}
Potions
 d - a potion of curing
 e - a potion of mutation {unknown}
 k - 2 potions of flight
 n - 3 potions of cancellation
 o - a potion of haste {unknown}
Miscellaneous
 m - a piece from Xom's chessboard (15/15)


   Skills:
 + Level 2.5 Fighting
 * Level 4.1 Ranged Weapons
 - Level 2.0 Dodging
 - Level 1.0 Spellcasting
 - Level 3.0 Hexes


You had 5 spell levels left.
You knew the following spells:

 Your Spells              Type           Power      Damage    Failure   Level
a - Slow                  Hex            32%        N/A       11%         1

Your spell library contained the following spells:

 Spells                   Type           Power      Damage    Failure   Level
 Sandblast                Erth           0%         2d4       36%         1
 Passwall                 Tmut/Erth      0%         N/A       50%         2
 Inner Flame              Hex/Fire       4%         N/A       52%         3
 Portal Projectile        Hex/Tloc       8%         N/A       52%         3
 Cause Fear               Hex            4%         N/A       71%         4
 Stone Arrow              Conj/Erth      0%         3d7       73%         3


Dungeon Overview and Level Annotations

Branches:
Dungeon (4/15)
 Temple: D:4-7

Altars:
Xom

Shops:
D:3 =


Message History

The sling bullet closely misses the iguana.
You shoot a sling bullet.
The sling bullet hits the iguana but does no damage.
The iguana is moderately wounded.
You shoot a sling bullet.
The sling bullet closely misses the iguana.
The iguana barely misses you.
The iguana bites you but does no damage.
You shoot a sling bullet.
The sling bullet closely misses the iguana.
The iguana bites you.
You shoot a sling bullet. The sling bullet hits the iguana.
The iguana is moderately wounded.
The iguana misses you.
You shoot a sling bullet.
The sling bullet barely misses the iguana.
The iguana bites you!
You shoot a sling bullet. The sling bullet hits the iguana.
The iguana is heavily wounded.
The iguana bites you. The iguana barely misses you.
You shoot a sling bullet. The sling bullet hits the iguana.
The iguana is heavily wounded.
The iguana completely misses you.
You shoot a sling bullet.
The sling bullet hits the iguana but does no damage.
The iguana is heavily wounded.
The iguana bites you!
* * * LOW HITPOINT WARNING * * *
You are too injured to fight recklessly!
You are too injured to fight recklessly!
You shoot a sling bullet.
The sling bullet barely misses the iguana.
The iguana barely misses you.
You shoot a sling bullet. The sling bullet hits the iguana.
The iguana is severely wounded.
The iguana barely misses you. The iguana closely misses you.
You shoot a sling bullet. The sling bullet hits the iguana.
The iguana is severely wounded.
The iguana bites you!
You die...

#...................#
#.#########.........# #.#
#.........# #.#
####.........# ####### #.#
#............# ......###.#
+..........### ..........#
# #.....#....#
......########.#.....<....#
......'.........@.........#
......########.#l....#....#
...............#.....###+##
.............. .........
....).##.#.[............
####### .#.#. ......?... .
#.#. ###....### .. .##.#
###


You could see an iguana.

Vanquished Creatures
  An orc wizard (D:3)
  2 adders
  A worm (D:3)
  2 dart slugs (D:3)
  4 orcs
  3 ball pythons
  3 bats (D:3)
  3 endoplasms (D:3)
  2 goblins
  3 hobgoblins
  8 jackals
  4 quokkas
  2 frilled lizards (D:3)
  5 kobolds
  2 rats
  2 butterflies (D:3)
47 creatures vanquished.

Notes
Turn   | Place    | Note
-------+----------+-------------------------------------------
     0 | D:1      | porpoise the Human Hexslinger began the quest for the Orb.
     0 | D:1      | Reached XP level 1. HP: 15/15 MP: 2/2
   442 | D:1      | Reached XP level 2. HP: 21/21 MP: 3/3
  1702 | D:3      | Reached XP level 3. HP: 22/26 MP: 4/4
  1778 | D:3      | Reached skill level 3 in Ranged Weapons
  1852 | D:3      | Found a shimmering altar of Xom.
  2153 | D:3      | Reached XP level 4. HP: 33/33 MP: 5/5
  2396 | D:3      | Found Disac's Jewellery Shop.
  2836 | D:3      | Reached skill level 4 in Ranged Weapons
  2909 | D:4      | Reached XP level 5. HP: 7/39 MP: 6/6
  3206 | D:4      | Slain by an iguana

Illustrated notes

Levels and vault maps discovered:
D:1:      giann_forest_graveyard, layout_basic, dreamdust_mushroom_princess
D:2:      layout_basic
D:3:      layout_loops_ring, xom_butterflies, serial_shops,
          nicolae_shop_gaudy_bauble, chequers_serial_rivers_micro_e,
          hangedman_glass_teeth, corexii_leaking_fountain
D:4:      layout_basic, mainiacjoe_overflow_six_doors_small,
          general_overflow_altar, hellmonk_ghost_happy_afterlife

Skill      XL: |  1  2  3  4 |
---------------+-------------+-----
Ranged Weapons | 3 4 |  4.1
Fighting       | 2 |  2.5
Dodging        | |  2.0
Spellcasting   | |  1.0
Hexes          | |  3.0

Action                     |  1- 3 |  4- 6 || total
---------------------------+-------+-------++-------
   Fire: Sling             |    96 |    92 ||   188
    Use: Scroll            |       |     4 ||     4
 Armour: Leather armour    |    11 |    26 ||    37
  Dodge: Dodged            |    31 |    57 ||    88
